 Dungeon Crawl Stone Soup version 0.29.1-14-g9c671dbff4 (webtiles) character file.

Game seed: 3495787398337066102

14 hawla the Chiller (level 2, -3/20 HPs)
             Began as a Meteoran Ice Elementalist on Feb 12, 2023.
             Killed by nerve-wracking pain
             ... invoked by an orc priest
              (13 damage)
             ... on level 4 of the Dungeon.
             The game lasted 00:02:22 (206 turns).

hawla the Chiller (Meteoran Ice Elementalist)        Turns: 206, Time: 00:02:23

Health: -3/20      AC:  2    Str:  9    XL:     2   Next: 82%
Magic:  4/6        EV: 12    Int: 16    God:
Gold:   46         SH:  0    Dex: 14    Spells: 5/6 levels left

rFire   . . .      SeeInvis .   b - +1 great sword
rCold   . . .      Faith    .   (shield currently unavailable)
rNeg    . . .      Spirit   .   a - +0 robe
rPois   .          Reflect  .   (no helmet)
rElec   .          Harm     .   (no cloak)
rCorr   .          Rampage  .   (no gloves)
Will    .....                   (no boots)
Stlth   +.........              (no amulet)
HPRegen 0.06/turn               (no ring)
MPRegen 0.10/turn               (no ring)

@: glowing
A: sense surroundings 1, otherworldly, glowing, explore regen
a: no special abilities


You were on level 4 of the Dungeon.
You visited 1 branch of the dungeon, and saw 4 of its levels.

You collected 46 gold pieces.

Inventory:

Hand Weapons
 b - a +1 great sword (weapon)
Armour
 a - a +0 robe (worn)
Potions
 c - a potion of lignification {unknown}


   Skills:
 + Level 2.5 Dodging
 - Level 1.4 Stealth
 + Level 2.7 Spellcasting
 + Level 5.0 Ice Magic


You had 5 spell levels left.
You knew the following spells:

 Your Spells              Type           Power      Damage    Failure   Level
a - Freeze                Ice            72%        1d9       2%          1

Your spell library contained the following spells:

 Spells                   Type           Power      Damage    Failure   Level
 Frozen Ramparts          Ice            36%        1d6       8%          3
 Ozocubu's Armour         Ice            18%        N/A       8%          3
 Hailstorm                Conj/Ice       10%        3d5       56%         4


Dungeon Overview and Level Annotations

Branches:
Dungeon (4/15) Zot: 2189
 Temple: D:4-7

Altars:

Annotations:
D:3 1 transporter


Innate Abilities, Weirdness & Mutations

You passively map a small area around you.
You are easily found by Zot.
You glow in the dark.
You regain HP and MP as you explore.


Message History

A necrophage and a goblin come into view.
The orc priest hits you with a +0 short sword.
Casting: Freeze (safe; 2% risk of failure)
Confirm with . or Enter, or press ? or * to list all spells.
You don't know that spell.
Unknown command.
As you read the scroll labelled INGEIL BIMI, it crumbles to dust.
It is a scroll of amnesia.
Really abort (and waste the scroll)?
Okay, then.
The goblin shouts!
The howler monkey completely misses you.
The endoplasm hits you.
Casting: Freeze (safe; 2% risk of failure)
Confirm with . or Enter, or press ? or * to list all spells.
Aiming: Freeze (safe; 2% risk of failure)
Press: ? - help, Shift-Dir - straight line, f - orc priest
Aim: an orc priest, wielding a +0 short sword You freeze the orc priest!
The orc priest is heavily wounded.
The howler monkey hits you.
The orc priest looks satisfied for a moment.
The orc hits you with a +0 dagger.
The orc wizard mumbles some strange words.
The orc wizard flickers and vanishes!
Deactivating autopickup; reactivate with Ctrl-A.
The endoplasm hits you. The howler monkey barely misses you.
Casting: Freeze (safe; 2% risk of failure)
Confirm with . or Enter, or press ? or * to list all spells.
Aiming: Freeze (safe; 2% risk of failure)
Press: ? - help, Shift-Dir - straight line, f/p - orc priest
Aim: an orc priest, wielding a +0 short sword (heavily wounded)
You freeze the orc priest.
The orc priest is severely wounded.
The howler monkey hits you. The orc hits you with a +0 dagger.
The endoplasm barely misses you.
The orc priest calls down the wrath of Beogh upon you.
Pain shoots through your body!
Ouch! That really hurt!
You die...

,......### ..=.....).
............ .........†.
,
.....<.....##...........
...............###......
.....?.....#..# #......
* ....>........* #......
...........## #....>. ,
.....n.h....## #......
......J@.....## #......
......oo......# ##.....
, .....g........# #.....
, ,..............#
#..... * ,
..............# #..... ,
..............# #.....
..............#####.....
,
........................
##.........########


You could see a necrophage, a howler monkey, an orc priest, an orc, an endoplasm
and a goblin.

Vanquished Creatures
  An endoplasm (D:1)
  2 goblins (D:4)
  2 hobgoblins (D:4)
  A quokka (D:1)
  3 ball pythons
  2 kobolds
  2 rats
13 creatures vanquished.

Notes
Turn   | Place    | Note
-------+----------+-------------------------------------------
     0 | D:1      | hawla the Meteoran Ice Elementalist began the quest for the
                  | Orb.
     0 | D:1      | Reached XP level 1. HP: 14/14 MP: 5/5
    23 | D:1      | Reached XP level 2. HP: 12/20 MP: 3/6
    82 | D:3      | Found a transporter.
   172 | D:4      | Reached skill level 5 in Ice Magic
   198 | D:4      | Noticed a howler monkey
   202 | D:4      | Noticed a necrophage
   206 | D:4      | Killed from afar by an orc priest

Illustrated notes

Levels and vault maps discovered:
D:1:      amcnicky_arrival_single_pillar, layout_rooms,
          wad_floor_pattern_untrapped
D:2:      layout_rooms, shapermc_ecumenical_altar_gd
D:3:      layout_basic, gammafunk_ghost_arena
D:4:      layout_rooms

Skill      XL: |  1  2 |
---------------+-------+-----
Ice Magic      | 5 |  5.0
Dodging        | |  2.5
Stealth        | |  1.4
Spellcasting   | |  2.7

Action                   || total
-------------------------++-------
Melee: Unarmed           ||     1
       Short sword       ||    10
       Great sword       ||     6
 Cast: Freeze            ||    15
  Use: Potion            ||     1
       Scroll            ||     2
Armor: Robe              ||     2
Dodge: Dodged            ||    18
